[ AOE2 MATCH · #495105285 ]
UnrankedSpanish vs Teutons
Player's team · WIN
Rival team · LOSS
[ REPLAY ANALYSIS · EXTRACTED FROM THE RECORDED GAME ]
Feudal
9:42
Castle
14:48
Imperial
—
| APM avg | 81.3 |
| APM peak | 127 |
| eAPM avg | 32.2 |
| Villagers / military | 135 / 37 |
Focus
⚔️ 37.2% · 🌾 62.8%
Conquistador ×20 · Petard ×9 · Battering Ram ×7 · Missionary ×1
Feudal
8:24
Castle
26:42
Imperial
—
| APM avg | 50.3 |
| APM peak | 106 |
| eAPM avg | 26.6 |
| Villagers / military | 98 / 29 |
Focus
⚔️ 35.8% · 🌾 64.2%
Archer ×12 · Petard ×8 · Monk ×5 · Militia ×4
Match map
Initial resources + every placement click. Lines = walls · curves = elevation contours. ◆ gold · ⬟ stone · ● berries · ✦ relic · ◌ wall gap
Your base· Open — 7t gap
Ashubelt's base· Open — unwalled flank
Smoothed initial terrain · ◌ = detected wall gap · hover for details
Inputs per minute
— Speed - - Ashubelt
Build order — Speed
First 150 of 286 actions detected
| 0:02 | Research | Loom |
| 0:05 | Build | House |
| 0:06 | Build | House |
| 0:18 | Queue | Villager (Male) |
| 0:19 | Queue | Villager (Male) |
| 0:47 | Queue | Villager (Male) |
| 1:26 | Queue | Villager (Male) |
| 1:47 | Queue | Villager (Male) |
| 2:23 | Queue | Villager (Male) |
| 2:29 | Build | Lumber Camp |
| 2:43 | Queue | Villager (Male) |
| 2:57 | Build | House |
| 3:14 | Queue | Villager (Male) |
| 3:30 | Queue | Villager (Male) |
| 3:59 | Queue | Villager (Male) |
| 4:30 | Queue | Villager (Male) |
| 4:31 | Queue | Villager (Male) |
| 4:46 | Queue | Villager (Male) |
| 5:26 | Build | House |
| 5:36 | Queue | Villager (Male) |
| 6:05 | Queue | Villager (Male) |
| 6:18 | Queue | Villager (Male) |
| 6:46 | Build | Mining Camp |
| 6:59 | Queue | Villager (Male) |
| 7:20 | Research | Feudal Age |
| 7:21 | Research | Feudal Age |
| 7:56 | Build | House |
| 8:22 | Build | Palisade Wall |
| 8:23 | Build | Palisade Wall |
| 8:23 | Build | Palisade Wall |
| 8:25 | Build | Palisade Wall |
| 8:30 | Build | Palisade Wall |
| 8:50 | Build | Outpost |
| 9:24 | Build | Mill |
| 9:32 | Queue | Villager (Male) |
| 9:42 | Age | Feudal Age |
| 9:57 | Build | Market |
| 10:05 | Queue | Villager (Male) |
| 10:17 | Build | House |
| 10:18 | Build | Palisade Wall |
| 10:28 | Queue | Villager (Male) |
| 10:42 | Build | House |
| 10:48 | Queue | Villager (Male) |
| 10:52 | Build | Palisade Wall |
| 11:00 | Build | House |
| 11:04 | Build | Palisade Wall |
| 11:06 | Build | Palisade Wall |
| 11:21 | Build | Watch Tower |
| 11:32 | Queue | Villager (Male) |
| 11:47 | Build | Blacksmith |
| 12:08 | Research | Castle Age |
| 12:08 | Research | Castle Age |
| 12:27 | Build | Lumber Camp |
| 14:22 | Queue | Villager (Male) |
| 14:48 | Age | Castle Age |
| 14:50 | Build | Castle |
| 14:57 | Queue | Villager (Male) |
| 15:01 | Queue | Villager (Male) |
| 15:24 | Build | Market |
| 15:28 | Build | Mining Camp |
| 15:31 | Queue | Conquistador |
| 15:33 | Queue | Villager (Male) |
| 15:57 | Queue | Conquistador |
| 16:35 | Queue | Villager (Male) |
| 16:37 | Queue | Conquistador |
| 16:41 | Build | House |
| 17:00 | Build | Farm |
| 17:00 | Build | Farm |
| 17:01 | Build | Farm |
| 17:14 | Queue | Villager (Male) |
| 17:14 | Queue | Villager (Male) |
| 17:19 | Queue | Conquistador |
| 17:25 | Build | Farm |
| 17:31 | Build | Farm |
| 17:44 | Queue | Villager (Male) |
| 17:45 | Queue | Villager (Male) |
| 18:00 | Build | House |
| 18:03 | Queue | Villager (Male) |
| 18:16 | Queue | Conquistador |
| 18:43 | Queue | Villager (Male) |
| 18:53 | Queue | Villager (Male) |
| 18:56 | Queue | Conquistador |
| 19:09 | Build | Farm |
| 19:09 | Build | Farm |
| 19:13 | Build | Farm |
| 19:20 | Queue | Villager (Male) |
| 19:22 | Build | Farm |
| 19:45 | Queue | Conquistador |
| 19:47 | Queue | Villager (Male) |
| 19:51 | Build | Mining Camp |
| 20:04 | Research | Double-Bit Axe |
| 20:04 | Research | Double-Bit Axe |
| 20:17 | Queue | Villager (Male) |
| 20:33 | Build | Siege Workshop |
| 20:34 | Queue | Villager (Male) |
| 20:43 | Queue | Conquistador |
| 20:43 | Queue | Conquistador |
| 21:09 | Queue | Villager (Male) |
| 21:26 | Queue | Villager (Male) |
| 21:50 | Queue | Battering Ram |
| 21:55 | Queue | Villager (Male) |
| 22:01 | Queue | Villager (Male) |
| 22:04 | Queue | Villager (Male) |
| 22:10 | Build | Farm |
| 22:10 | Build | Farm |
| 22:31 | Queue | Battering Ram |
| 22:38 | Queue | Villager (Male) |
| 22:47 | Queue | Villager (Male) |
| 22:56 | Queue | Villager (Male) |
| 22:57 | Queue | Conquistador |
| 23:05 | Queue | Battering Ram |
| 23:20 | Queue | Conquistador |
| 23:26 | Queue | Villager (Male) |
| 23:43 | Queue | Villager (Male) |
| 24:08 | Queue | Conquistador |
| 24:10 | Build | House |
| 24:11 | Build | House |
| 24:12 | Build | House |
| 24:21 | Research | Town Watch |
| 24:21 | Research | Town Watch |
| 24:26 | Research | Horse Collar |
| 24:33 | Queue | Conquistador |
| 24:54 | Queue | Villager (Male) |
| 25:02 | Queue | Villager (Male) |
| 25:10 | Build | Castle |
| 25:23 | Queue | Villager (Male) |
| 25:34 | Queue | Villager (Male) |
| 25:57 | Queue | Conquistador |
| 26:25 | Queue | Conquistador |
| 26:27 | Queue | Villager (Male) |
| 26:58 | Build | Lumber Camp |
| 27:07 | Queue | Villager (Male) |
| 27:13 | Queue | Villager (Male) |
| 27:18 | Build | Castle |
| 27:23 | Queue | Villager (Male) |
| 27:47 | Queue | Villager (Male) |
| 27:51 | Build | Town Center |
| 27:58 | Queue | Villager (Male) |
| 28:10 | Queue | Villager (Male) |
| 28:18 | Queue | Villager (Male) |
| 28:29 | Queue | Villager (Male) |
| 28:36 | Queue | Villager (Male) |
| 28:38 | Build | Mining Camp |
| 28:59 | Queue | Villager (Male) |
| 29:01 | Build | Farm |
| 29:02 | Build | Farm |
| 29:12 | Queue | Villager (Male) |
| 29:18 | Build | Lumber Camp |
| 29:25 | Queue | Villager (Male) |
| 29:39 | Queue | Villager (Male) |
Build order — Ashubelt
First 150 of 241 actions detected
| 0:00 | Queue | Villager (Male) |
| 0:00 | Queue | Villager (Male) |
| 0:00 | Queue | Villager (Male) |
| 0:05 | Build | House |
| 0:06 | Build | House |
| 0:07 | Build | House |
| 0:10 | Queue | Villager (Male) |
| 0:12 | Research | Loom |
| 0:13 | Queue | Villager (Male) |
| 0:13 | Queue | Villager (Male) |
| 0:14 | Queue | Villager (Male) |
| 0:14 | Queue | Villager (Male) |
| 1:04 | Queue | Villager (Male) |
| 1:43 | Queue | Villager (Male) |
| 1:44 | Queue | Villager (Male) |
| 1:58 | Queue | Villager (Male) |
| 1:58 | Queue | Villager (Male) |
| 2:09 | Queue | Villager (Male) |
| 2:41 | Build | Lumber Camp |
| 2:46 | Queue | Villager (Male) |
| 2:48 | Queue | Villager (Male) |
| 2:48 | Queue | Villager (Male) |
| 3:18 | Queue | Villager (Male) |
| 3:18 | Queue | Villager (Male) |
| 3:27 | Queue | Villager (Male) |
| 3:55 | Queue | Villager (Male) |
| 3:56 | Queue | Villager (Male) |
| 4:23 | Queue | Villager (Male) |
| 5:19 | Build | Barracks |
| 6:13 | Build | House |
| 6:14 | Research | Feudal Age |
| 6:16 | Queue | Militia |
| 6:16 | Queue | Militia |
| 6:28 | Queue | Militia |
| 6:40 | Build | House |
| 7:19 | Queue | Villager (Male) |
| 7:41 | Build | House |
| 8:03 | Queue | Militia |
| 8:16 | Queue | Villager (Male) |
| 8:24 | Age | Feudal Age |
| 8:56 | Queue | Villager (Male) |
| 9:12 | Build | Watch Tower |
| 9:16 | Research | Man-at-Arms (upgrade) |
| 9:45 | Queue | Villager (Male) |
| 9:54 | Build | Watch Tower |
| 10:01 | Build | Palisade Gate |
| 10:09 | Build | Palisade Gate |
| 10:14 | Queue | Villager (Male) |
| 10:34 | Research | Double-Bit Axe |
| 11:09 | Build | Mining Camp |
| 11:10 | Queue | Villager (Male) |
| 11:19 | Queue | Villager (Male) |
| 11:26 | Build | Archery Range |
| 11:30 | Queue | Villager (Male) |
| 12:14 | Build | Outpost |
| 12:15 | Queue | Archer |
| 12:15 | Queue | Archer |
| 12:20 | Queue | Villager (Male) |
| 12:30 | Queue | Archer |
| 12:30 | Queue | Archer |
| 12:33 | Queue | Villager (Male) |
| 12:45 | Queue | Villager (Male) |
| 12:59 | Build | House |
| 13:04 | Build | Mining Camp |
| 13:12 | Queue | Archer |
| 13:21 | Build | House |
| 13:24 | Queue | Archer |
| 13:33 | Queue | Villager (Male) |
| 14:02 | Build | Blacksmith |
| 14:09 | Queue | Villager (Male) |
| 14:24 | Queue | Villager (Male) |
| 14:32 | Queue | Archer |
| 14:39 | Build | Watch Tower |
| 14:44 | Research | Fletching |
| 14:45 | Queue | Archer |
| 15:00 | Queue | Archer |
| 15:15 | Queue | Archer |
| 15:24 | Build | House |
| 15:25 | Build | House |
| 15:32 | Queue | Villager (Male) |
| 15:36 | Build | Watch Tower |
| 15:38 | Build | Palisade Gate |
| 15:40 | Build | Palisade Wall |
| 15:42 | Build | Palisade Wall |
| 15:50 | Build | Palisade Wall |
| 15:50 | Build | Palisade Wall |
| 15:50 | Build | Palisade Wall |
| 15:51 | Build | Palisade Wall |
| 15:55 | Queue | Villager (Male) |
| 15:58 | Build | Watch Tower |
| 16:16 | Queue | Villager (Male) |
| 16:26 | Queue | Villager (Male) |
| 16:35 | Queue | Villager (Male) |
| 16:41 | Queue | Archer |
| 16:51 | Queue | Villager (Male) |
| 16:55 | Build | Watch Tower |
| 16:58 | Queue | Villager (Male) |
| 17:01 | Queue | Archer |
| 17:36 | Build | Mining Camp |
| 17:44 | Build | Mill |
| 17:54 | Queue | Villager (Male) |
| 18:21 | Queue | Villager (Male) |
| 18:37 | Build | Farm |
| 18:52 | Queue | Villager (Male) |
| 18:57 | Build | Farm |
| 18:58 | Build | Farm |
| 19:00 | Build | Farm |
| 19:01 | Queue | Villager (Male) |
| 19:21 | Build | Watch Tower |
| 19:44 | Build | Farm |
| 19:49 | Queue | Villager (Male) |
| 20:05 | Build | Watch Tower |
| 20:12 | Build | Farm |
| 20:32 | Build | Watch Tower |
| 20:37 | Build | Watch Tower |
| 20:44 | Queue | Villager (Male) |
| 20:46 | Build | Farm |
| 20:48 | Build | Farm |
| 20:53 | Queue | Villager (Male) |
| 20:57 | Build | Farm |
| 21:18 | Build | Farm |
| 21:26 | Build | Watch Tower |
| 21:33 | Queue | Villager (Male) |
| 22:00 | Build | Farm |
| 22:02 | Queue | Villager (Male) |
| 22:07 | Build | Market |
| 22:29 | Build | Farm |
| 23:00 | Queue | Villager (Male) |
| 23:17 | Build | Watch Tower |
| 23:20 | Queue | Villager (Male) |
| 23:22 | Build | House |
| 23:23 | Build | House |
| 23:37 | Build | House |
| 24:02 | Research | Castle Age |
| 24:03 | Research | Castle Age |
| 24:30 | Build | House |
| 24:32 | Build | House |
| 24:43 | Build | Stone Wall |
| 24:44 | Build | Stone Wall |
| 24:45 | Build | Stone Wall |
| 26:42 | Age | Castle Age |
| 26:46 | Build | Town Center |
| 26:55 | Build | University |
| 26:59 | Queue | Villager (Male) |
| 26:59 | Queue | Villager (Male) |
| 27:11 | Research | Town Watch |
| 27:11 | Research | Town Watch |
| 27:12 | Queue | Villager (Male) |
| 27:24 | Build | Monastery |
| 27:33 | Queue | Villager (Male) |
Match timeline
| 5:19 | Ashubelt · first_building Barracks |
| 8:22 | Speed · wall_segment Palisade Wall x1 |
| 8:23 | Speed · wall_segment Palisade Wall x1 |
| 8:23 | Speed · wall_segment Palisade Wall x1 |
| 8:24 | Ashubelt · age_up feudal |
| 8:25 | Speed · wall_segment Palisade Wall x8 |
| 8:30 | Speed · wall_segment Palisade Wall x1 |
| 9:42 | Speed · age_up feudal |
| 10:18 | Speed · wall_segment Palisade Wall x1 |
| 10:52 | Speed · wall_segment Palisade Wall x1 |
| 11:04 | Speed · wall_segment Palisade Wall x1 |
| 11:06 | Speed · wall_segment Palisade Wall x1 |
| 11:26 | Ashubelt · first_building Archery Range |
| 11:39 | Speed · first_market_buy 100 wood |
| 14:48 | Speed · age_up castle |
| 14:50 | Speed · first_building Castle |
| 15:40 | Ashubelt · wall_segment Palisade Wall x1 |
| 15:42 | Ashubelt · wall_segment Palisade Wall x1 |
| 15:50 | Ashubelt · wall_segment Palisade Wall x1 |
| 15:50 | Ashubelt · wall_segment Palisade Wall x1 |
| 15:50 | Ashubelt · wall_segment Palisade Wall x2 |
| 15:51 | Ashubelt · wall_segment Palisade Wall x1 |
| 16:34 | Speed · first_market_sell 100 stone |
| 20:33 | Speed · first_building Siege Workshop |
| 22:59 | Ashubelt · first_market_buy 100 food |
| 23:57 | Ashubelt · first_market_sell 100 stone |
| 24:43 | Ashubelt · wall_segment Stone Wall x1 |
| 24:44 | Ashubelt · wall_segment Stone Wall x1 |
| 24:45 | Ashubelt · wall_segment Stone Wall x1 |
| 26:42 | Ashubelt · age_up castle |
| 27:24 | Ashubelt · first_building Monastery |
| 30:54 | Speed · first_building Monastery |
| 35:30 | Ashubelt · first_building Castle |
| 38:47 | Ashubelt · resign |
[ AI ANALYSIS · 1 CREDIT ]
What really happened in this match?
Wolo.gg analyzes every decision: build order, eco, micro, common mistakes by bracket. Personalized analysis on WhatsApp or Discord in 30 seconds.
Civ guide
Spanish
Perfil
Jugador #17731854